 Dungeon Crawl Stone Soup version 0.20.1-1-g8b1a95d (webtiles) character file.

291 HammerPanzer the Cudgeler (level 6, 0/47 HPs)
             Began as a Demonspawn Berserker on Oct 29, 2017.
             Was a Believer of Trog.
             Slain by Sigmund
             ... wielding a +0 scythe
              (10 damage)
             ... on level 3 of the Dungeon.
             The game lasted 00:07:02 (2785 turns).

HammerPanzer the Cudgeler (Demonspawn Berserker)    Turns: 2785, Time: 00:07:03

Health: 0/47       AC: 10    Str: 19    XL:     6   Next: 10%
Magic:  6/6        EV:  6    Int:  9    God:    Trog [**....]
Gold:   179        SH:  0    Dex: 12    Spells: 5/5 levels left

rFire    . . .     SeeInvis .   a - +0 mace
rCold    . . .     Gourm    .   (no shield)
rNeg     . . .     Faith    .   i - +0 plate armour
rPois    .         Spirit   .   (helmet restricted)
rElec    .         Reflect  .   (no cloak)
rCorr    .         Harm     .   (no gloves)
MR       .....                  (no boots)
Stlth    ..........             (no amulet)
Regen    0.2/turn               (no ring)
MPRegen  0.1/turn               (no ring)

@: confused, berserk cooldown, slowed, very slow
A: antennae 1, claws 1
a: Berserk, Trog's Hand, Burn Spellbooks, Renounce Religion


You were on level 3 of the Dungeon.
You worshipped Trog.
Trog was pleased with you.
You were not hungry.

You visited 1 branch of the dungeon, and saw 4 of its levels.

You collected 179 gold pieces.

Inventory:

Hand Weapons
 a - a +0 mace (weapon)
Armour
 i - a +0 plate armour (worn)
Jewellery
 h - an uncursed amulet of harm {unknown}
Scrolls
 d - a scroll of remove curse {unknown}
 e - a scroll of identify {unknown}
 f - 2 scrolls of teleportation
 g - a scroll of blinking {unknown}
 j - a scroll of magic mapping {unknown}
Potions
 b - 2 potions of haste {unknown}
Comestibles
 c - a bread ration
 k - 2 chunks of flesh


   Skills:
 - Level 3.0 Fighting
 + Level 6.3 Maces & Flails
 - Level 1.7 Armour
 - Level 1.7 Dodging


You had 5 spell levels left.
You didn't know any spells.

Dungeon Overview and Level Annotations

Branches:
Dungeon (4/15)
 Temple: D:4-7

Altars:
Dithmenos
Qazlal
Ru
Trog

Annotations:
D:3 Robin; Sigmund; kyle53's ghost, amateur DEFE


Innate Abilities, Weirdness & Mutations

You have a pair of small antennae on your head.
You have sharp fingernails.


Message History

You hear some strange, mumbled words.
A magic dart appears from out of thin air!
The magic dart hits you! Something hits you but does no damage.
You closely miss something. Something hits you.
You miss something.
You hear some strange, mumbled words.
You are confused.
You miss something.
You hear some strange, mumbled words.
A puff of flame appears from out of thin air!
The puff of flame hits you!
* * * LOW HITPOINT WARNING * * *
You hear some strange, mumbled words.
You are more confused.
You bump into the rock wall.
Something hits you.
* * * LOW HITPOINT WARNING * * *
You're too confused!
You're too confused!
Something hits you!
You die...

#... ###. #...###..##
#..##...... #..........
#.......... #..........
#....@.....
########..##......
#@{).......###..##
#########
#.##.#####...####.
#....<..#
#.##.######....... #.
####.###.##>........#####
#.##........##########.#
# #.......##### #.# #
#..#.##.# #.# # #.......#
####### ##.#####
##.#.##.# #.....#
#..##...


There were no monsters in sight!

Vanquished Creatures
  Grinder (D:3)
  4 adders (D:2)
  3 dart slugs
  2 leopard geckos
  A ball python (D:2)
  4 bats
  3 giant cockroaches
  9 goblins
  6 hobgoblins
  A quokka (D:2)
  A ball python zombie (D:3)
  A frilled lizard (D:1)
  7 kobolds
  8 rats
51 creatures vanquished.

Notes
Turn   | Place    | Note
-------+----------+-------------------------------------------
     0 | D:1      | HammerPanzer the Demonspawn Berserker began the quest for the Orb.
     0 | D:1      | Reached XP level 1. HP: 18/18 MP: 1/1
   164 | D:1      | Reached skill level 3 in Maces & Flails
   262 | D:1      | Gained mutation: You have a pair of small antennae on your head. [demonic ancestry]
   262 | D:1      | Reached XP level 2. HP: 18/24 MP: 2/2
   656 | D:2      | Reached ** piety under Trog
   664 | D:2      | Reached XP level 3. HP: 27/29 MP: 3/3
   800 | D:2      | Reached skill level 4 in Maces & Flails
   804 | D:2      | Found a shadowy altar of Dithmenos.
  1218 | D:2      | Reached XP level 4. HP: 15/35 MP: 4/4
  1774 | D:2      | Found a sacrificial altar of Ru.
  1900 | D:2      | Found a stormy altar of Qazlal.
  2095 | D:3      | Noticed Grinder
  2102 | D:3      | Noticed Robin
  2104 | D:3      | Noticed Sigmund
  2108 | D:3      | Paralysed by Grinder for 3 turns
  2398 | D:3      | Found a bloodstained altar of Trog.
  2413 | D:3      | Paralysed by Grinder for 2 turns
  2418 | D:3      | Paralysed by Grinder for 5 turns
  2432 | D:3      | Killed Grinder
  2432 | D:3      | Reached skill level 6 in Maces & Flails
  2432 | D:3      | Reached XP level 5. HP: 32/41 MP: 5/5
  2432 | D:3      | Gained mutation: You have sharp fingernails. [demonic ancestry]
  2432 | D:3      | Reached XP level 6. HP: 36/47 MP: 6/6
  2433 | D:3      | Noticed kyle53's ghost (amateur DEFE)
  2785 | D:3      | Slain by Sigmund

Skill      XL: |  1  2  3  4 |
---------------+-------------+-----
Maces & Flails | 3 4 6 |  6.3
Fighting       | |  3.0
Armour         | |  1.7
Dodging        | |  1.7

Action                   |  1- 3 |  4- 6 || total
-------------------------+-------+-------++-------
Melee: Mace              |   103 |    62 ||   165
Invok: Berserk           |     1 |     2 ||     3
  Use: Scroll            |       |     2 ||     2
  Eat: Chunk             |     1 |     3 ||     4
       Bread ration      |       |     1 ||     1
Armor: Animal skin       |     5 |       ||     5
       Ring mail         |    19 |       ||    19
       Plate armour      |    18 |    61 ||    79
Dodge: Dodged            |    58 |    26 ||    84
